 Dungeon Crawl Stone Soup version 0.27-a0-362-g8331d791d5 (webtiles) character file.

Game seed: 12948131164094392157

4 Chiseanne the Magician (level 1, -2/15 HPs)
             Began as a Demonspawn Wanderer on Feb 16, 2021.
             Killed from afar by Jessica (9 damage)
             ... with a puff of flame
             ... on level 2 of the Dungeon.
             The game lasted 00:01:48 (284 turns).

Chiseanne the Magician (Demonspawn Wanderer)         Turns: 284, Time: 00:01:49

Health: -2/15      AC:  8    Str: 10    XL:     1   Next: 50%
Magic:  4/4        EV:  8    Int: 12    God:
Gold:   16         SH:  0    Dex: 15    Spells: 5/6 levels left

rFire    . . .     SeeInvis .   b - +0 spear
rCold    . . .     Faith    .   (no shield)
rNeg     . . .     Spirit   .   d - +2 scale mail
rPois    .         Reflect  .   (no helmet)
rElec    .         Harm     .   (no cloak)
rCorr    .         Rampage  .   (no gloves)
Will     .....                  (no boots)
Stlth    ..........             (no amulet)
HPRegen  0.05/turn              (no ring)
MPRegen  0.09/turn              (no ring)

@: no status effects
A: no striking features
a: no special abilities


You were on level 2 of the Dungeon.
You visited 1 branch of the dungeon, and saw 2 of its levels.

You collected 16 gold pieces.

Inventory:

Hand Weapons
 a - a +0 dagger
 b - a +0 spear (weapon)
Armour
 d - a +2 scale mail (worn)
Jewellery
 c - a ring of poison resistance {unknown}
Potions
 e - 2 potions of degeneration {unknown}


   Skills:
 * Level 1.3 Fighting
 - Level 1.0 Maces & Flails
 * Level 1.2 Armour
 - Level 1.0 Stealth
 - Level 3.0 Spellcasting
 - Level 1.7 Transmutations
 - Level 1.0 Evocations


You had 5 spell levels left.
You knew the following spells:

 Your Spells              Type           Power        Failure   Level
a - Corona                Hex            1%           86%         1

Your spell library contained the following spells:

 Spells                   Type           Power        Failure   Level
 Wereblood                Tmut           6%           77%         2
 Passwall                 Tmut/Erth      2%           87%         2
 Inner Flame              Hex/Fire       1%           99%         3


Dungeon Overview and Level Annotations

Branches:
Dungeon (2/15)

Altars:

Annotations:
D:2 Jessica


Message History

You kill the dart slug!
You open the door.
There is an open door here.
Found 2 bubbling dark potions.
A sky beast comes into view.
The sky beast enters a dispersal trap!
You blink.
The sky beast blinks!
Really walk into that dispersal trap? [Y]es or [N]o only, please.
Really walk into that dispersal trap?
Okay, then.
The helpless Jessica fails to defend herself.
You hit Jessica.
Jessica is heavily wounded.
Jessica casts a spell at you.
You barely resist.
The sky beast hits you but does no damage.
You hit Jessica.
Jessica is almost dead.
Jessica gestures wildly while chanting.
Jessica blinks!
The sky beast flickers out of sight!
Deactivating autopickup; reactivate with Ctrl-A.
Something hits you but does no damage.
You see here 2 bubbling dark potions.
e - 2 bubbling dark potions Jessica zaps a wand.
The puff of flame hits you. Something hits you but does no damage.
Jessica hits you but does no damage.
You closely miss Jessica.
Jessica is almost dead.
Jessica closely misses you. Something hits you but does no damage.
You closely miss Jessica.
Jessica is almost dead.
Jessica gestures wildly while chanting.
Jessica blinks!
Something hits you. Something shocks you.
A leopard gecko comes into view.
Jessica shouts, "Stop bothering me, or I'll kill you!"
The leopard gecko hisses angrily.
Jessica zaps a wand.
The puff of flame hits you!
Ouch! That really hurt!
You die...

#......# #......#
#......# #......####
#.@.......# #........#
#########........#####
#>.........^.......l..
.####.#####....{@..#
.........##........#
####..##.###########
#.###.#### #.. #....#
...#.####'#####
##.....<......#
###..........#
..............#


You could see Jessica and a leopard gecko.

Vanquished Creatures
  A dart slug (D:2)
  A goblin (D:1)
2 creatures vanquished.

Notes
Turn   | Place    | Note
-------+----------+-------------------------------------------
     0 | D:1      | Chiseanne the Demonspawn Wanderer began the quest for the
                  | Orb.
     0 | D:1      | Chiseanne set off with the following items: a +0 dagger, a
                  | +2 scale mail; and the following spell memorised: Corona;
                  | and the following spells available to memorise: Wereblood,
                  | Passwall, Inner Flame
     0 | D:1      | Reached XP level 1. HP: 15/15 MP: 4/4
   274 | D:2      | Noticed a sky beast
   276 | D:2      | Noticed Jessica
   284 | D:2      | Killed from afar by Jessica

Illustrated notes

Levels and vault maps discovered:
D:1:      kennysheep_arrival_forest, layout_basic
D:2:      layout_basic, nicolae_overflow_hidden_temple,
          chequers_temple_overflow_minitemple, uniq_crazy_yiuf_cottage,
          uniq_terence, uniq_jessica

Action                   || total
-------------------------++-------
Melee: Spear             ||    11
       Dagger            ||     4
 Stab: Sleeping          ||     1
Armor: Scale mail        ||     8
Dodge: Dodged            ||     4

Table legend: (Time is in decaauts)
 A = Elapsed time spent in this place.
 B = Non-inter-level travel time spent in this place.
 C = Inter-level travel time spent in this place.
 D = Time resting spent in this place.
 E = Time spent auto-exploring this place.
 F = Levels seen in this place.
 G = Mean time per level.
                   A        B        C        D        E       F      G
               +--------+--------+--------+--------+--------+-----+--------+
         Total |    284 |    284 |      0 |    180 |      0 |   2 |  142.0 |
       Dungeon |    284 |    284 |      0 |    180 |      0 |   2 |  142.0 |
               +--------+--------+--------+--------+--------+-----+--------+

Top non-repeatable levels by time:
     D:2: 232 daAuts
     D:1: 51 daAuts
